Selects Luftwaffe Battlegroup
Selects Luftwaffe Pioneer Support
Fallschirmpioneer Squad Paradrop
Construct Infanterie Kompanie
Construct Panzergrenadier Kompanie
Pak 40 Anti-tank Gun Team
Selects Stuka Strafing Run
Pak 40 Anti-tank Gun Team
Nebelwerfer 42 Rocket Launcher Team
Selects Fallschirmjäger Squad Paradrop
Construct Panzer Kompanie
Fallschirmjäger Squad Paradrop
Fallschirmpioneer Squad Paradrop
Selects Flak 38 Anti-Air Emplacement
Selects Flak 36 Anti-tank Gun Emplacement